 Dungeon Crawl Stone Soup version 0.30-a0-354-g6b83867211 (webtiles) character file.

Game seed: 2584218584782294240

9677 Maxmaps the Severer (level 11, -4/82 HPs)
             Began as a Demonspawn Gladiator on Nov 7, 2022.
             Was an Initiate of Gozag.
             Slain by a two-headed ogre
             ... wielding a +0 giant club
              (17 damage)
             ... on level 10 of the Dungeon.
             The game lasted 00:10:03 (7921 turns).

Maxmaps the Severer (Demonspawn Gladiator)          Turns: 7921, Time: 00:10:05

Health: -4/82      AC: 17    Str: 15    XL:     11   Next: 26%
Magic:  11/11      EV: 11    Int: 13    God:    Gozag
Gold:   3629       SH:  9    Dex: 15    Spells: 10/10 levels left

rFire   + . .      SeeInvis .    o - +5 war axe (elec)
rCold   . . .      Faith    .    (no shield)
rNeg    . . .      Spirit   .    k - +2 ring mail {Will+}
rPois   .          Reflect  +    (helmet restricted)
rElec   .          Harm     .    r - scarf {+Inv}
rCorr   .          Rampage  .    w - +1 pair of gloves
Will    +....                    C - +1 pair of boots {Stlth+}
Stlth   ++........               E - amulet of reflection
HPRegen 0.33/turn                h - ring of protection from fire
MPRegen 0.12/turn                (no ring)

@: no status effects
A: horns 2, rugged brown scales 2, icemail 1, powered by death 2, condensation
shield
a: Renounce Religion, Evoke Invisibility, Potion Petition, Call Merchant, Bribe
Branch


You were on level 10 of the Dungeon.
You worshipped Gozag.
Gozag was most pleased with you.
You visited 2 branches of the dungeon, and saw 11 of its levels.
You also visited: Ossuary.

You collected 3813 gold pieces.
You paid 184 gold pieces to Gozag.

Inventory:

Hand Weapons
 l - a +1 falchion of flaming
 o - a +5 war axe of electrocution (weapon)
Missiles
 d - 9 throwing nets (quivered)
 e - a javelin
Armour
 k - a +2 ring mail of willpower (worn)
 r - a scarf of invisibility (worn)
 w - a +1 pair of gloves (worn)
 C - a +1 pair of boots of stealth (worn)
Jewellery
 h - a ring of protection from fire (left hand)
 p - a ring of poison resistance
 E - an amulet of reflection (around neck)
 F - a ring of see invisible
Wands
 a - a wand of acid (11)
 y - a wand of digging (8)
 D - a wand of mindburst (22)
Scrolls
 i - 3 scrolls of summoning
 s - 2 scrolls of vulnerability
 t - 4 scrolls of fear
 u - a scroll of teleportation
 v - 8 scrolls of enchant weapon
 A - 3 scrolls of poison
Potions
 b - 4 potions of magic
 c - 2 potions of degeneration {unknown}
 f - 5 potions of heal wounds
 g - a potion of attraction {unknown}
 j - 2 potions of resistance
 m - 2 potions of haste
 n - 4 potions of mutation
 q - 6 potions of curing
 x - a potion of ambrosia {unknown}
 z - a potion of brilliance {unknown}
 B - 2 potions of might {unknown}


   Skills:
 - Level 5.0 Fighting
 - Level 0.5 Long Blades
 + Level 15.3(15.4) Axes
 - Level 2.6(10.3) Polearms
 - Level 1.7 Throwing
 - Level 2.6 Dodging


You had 10 spell levels left.
You didn't know any spells.
Your spell library contained the following spells:

 Spells                   Type           Power      Damage    Failure   Level
 Apportation              Tloc           0%         N/A       52%         1
 Necrotise                Necr           0%         1d4       52%         1
 Summon Small Mammal      Summ           0%         N/A       52%         1
 Gell's Gravitas          Tloc           0%         N/A       88%         3
 Teleport Other           Tloc           0%         N/A       88%         3
 Borgnjor's Vile Clutch   Necr/Erth      0%         N/A       100%        5
 Death Channel            Necr           0%         N/A       100%        6
 Dispersal                Tloc           0%         N/A       100%        6
 Animate Dead             Necr           Unusable   N/A       N/A         4

Dungeon Overview and Level Annotations

Branches:
Dungeon (10/15)            Temple (1/1) D:4         Ossuary (visited)
   Lair: D:8-11         Orc: D:9-12

Altars:
Ashenzari
Cheibriados
Dithmenos
Fedhas
Gozag
Hepliaklqana
Kikubaaqudgha
Makhleb
Nemelex Xobeh
Okawaru
Qazlal
Ru
Sif Muna
Trog
Uskayaw
Vehumet
Wu Jian
Xom
Yredelemnul


Innate Abilities, Weirdness & Mutations

You have a pair of horns on your head.
You are mostly covered in rugged brown scales. (AC +2, +5% HP)
A meltable icy envelope protects you from harm. (AC +4)
You regenerate health from kills.
A meltable shield of frost defends you. (SH +4)


Message History

The two-headed ogre shouts in stereo!
A two-headed ogre is nearby!
A two-headed ogre is nearby!
A two-headed ogre is nearby!
The two-headed ogre hits you but does no damage.
The two-headed ogre hits you with a +0 giant club!
There is a stone staircase leading down, spattered with blood here.
You slash the two-headed ogre!
The two-headed ogre is moderately wounded.
You slash the two-headed ogre!
Your headbutt misses the two-headed ogre.
The two-headed ogre is heavily wounded.
The two-headed ogre hits you with a +0 giant club!
The two-headed ogre hits you with a +0 giant club!!
You are too injured to fight recklessly!
You are too injured to fight recklessly!
You are too injured to fight recklessly!
You are too injured to fight recklessly!
You are too injured to fight recklessly!
You are too injured to fight recklessly!
You are too injured to fight recklessly!
You are too injured to fight recklessly!
You are too injured to fight recklessly!
You are too injured to fight recklessly!
You are too injured to fight recklessly!
You are too injured to fight recklessly!
You are too injured to fight recklessly!
You are too injured to fight recklessly!
You are too injured to fight recklessly!
You are too injured to fight recklessly!
You slash the two-headed ogre!
The two-headed ogre is severely wounded.
You hit the two-headed ogre.
Lightning courses through the two-headed ogre!
The two-headed ogre is almost dead.
The two-headed ogre hits you with a +0 giant club!!
* * * LOW HITPOINT WARNING * * *
The two-headed ogre hits you with a +0 giant club!
You die...
Your body crumbles into a pile of gold.

...#..~~~...##...##...§≈§..#.##
...#.~≈≈~~...........§≈§§≈.#.#
...#..~~~...##...##...≈§§.[#.#
...##.....###.....###.....##.#
....#######.........#######..#
.<.............#........
.....#.........#.........
.....#.........#.........
.....#......####@.....###
.....#......#...O.....#
.....#......#.........#
.....#......#.........#
.....#......#.........# .....#
#.........# #.........#
..........#


You could see a two-headed ogre.

Vanquished Creatures
  3 two-headed ogres (D:9)
  Psyche (D:9)
  3 kobold demonologists (D:10)
  A troll (D:9)
  Prince Ribbit (D:6)
  A spriggan (D:9)
  A shadow (D:6)
  A wyvern (D:9)
  Eustachio (D:6)
  15 yaks
  2 steam dragons
  Edmund (D:4)
  2 water moccasins (D:8)
  A black bear (D:5)
  2 sky beasts
  3 orc warriors
  An ice beast (D:6)
  An ogre (D:5)
  5 centaurs
  The ghost of RascalDebosk the Magician, an amateur DjAE (D:3)
  A kobold brigand (D:8)
  An elf zombie (Ossuary)
  2 scorpions
  A bullfrog (D:7)
  3 necrophages
  4 wights (D:7)
  11 killer bees
  A crimson imp (D:10)
  A hound (D:5)
  4 orc priests
  Ijyb (D:3)
  2 iguanas (D:7)
  9 orc wizards
  3 mummies (Ossuary)
  10 adders
  A gnoll (D:1)
  3 white imps
  An ufetubus (D:6)
  2 adder zombies (Ossuary)
  2 worms
  3 dart slugs
  32 orcs
  5 ball pythons
  6 endoplasms
  2 giant cockroaches (D:3)
  5 goblins
  7 hobgoblins
  15 kobolds
  5 quokkas
  A bat (D:1)
  A frilled lizard (D:1)
  3 goblin zombies (Ossuary)
  3 hobgoblin zombies (Ossuary)
  3 kobold zombies (Ossuary)
  2 quokka zombies (Ossuary)
  7 rats
  4 rat zombies (Ossuary)
214 creatures vanquished.

Vanquished Creatures (others)
  A kobold brigand (D:10)
1 creature vanquished.

Grand Total: 215 creatures vanquished

Notes
Turn   | Place    | Note
-------+----------+-------------------------------------------
     0 | D:1      | Maxmaps the Demonspawn Gladiator began the quest for the
                  | Orb.
     0 | D:1      | Reached XP level 1. HP: 16/16 MP: 1/1
    73 | D:1      | Gained mutation: You have a pair of small horns on your
                  | head. [demonic ancestry]
    73 | D:1      | Reached XP level 2. HP: 15/23 MP: 2/2
   604 | D:1      | Gained mutation: A meltable shield of frost defends you.
                  | (SH +4) [demonic ancestry]
   604 | D:1      | Reached XP level 3. HP: 29/29 MP: 3/3
   953 | D:2      | Found a blossoming altar of Fedhas.
  1049 | D:2      | Found a faded altar of an unknown god.
  1194 | D:2      | Gained mutation: A meltable icy envelope protects you from
                  | harm. (AC +4) [demonic ancestry]
  1194 | D:2      | Reached XP level 4. HP: 11/38 MP: 4/4
  1560 | D:3      | Reached skill level 5 in Fighting
  1871 | D:3      | Gained mutation: You regenerate a little health from kills.
                  | [demonic ancestry]
  1871 | D:3      | Reached XP level 5. HP: 38/44 MP: 5/5
  1920 | D:3      | Noticed RascalDebosk's ghost (amateur DjAE)
  1923 | D:3      | Found a runed translucent door.
  1932 | D:3      | Noticed Ijyb
  1942 | D:3      | Paralysed by Ijyb for 3 turns
  1947 | D:3      | Killed Ijyb
  1948 | D:3      | Reached skill level 1 in Axes
  1974 | D:3      | Killed RascalDebosk's ghost
  1975 | D:3      | Reached skill level 2 in Axes
  2001 | D:3      | Identified a scroll of acquirement
  2001 | D:3      | Acquired 801 gold pieces
  2094 | D:3      | Identified the +8 whip "Senucvug" {speed, rN+}
  2201 | D:3      | Reached skill level 3 in Axes
  2201 | D:3      | Gained mutation: You are partially covered in rugged brown
                  | scales. (AC +1, +3% HP) [demonic ancestry]
  2201 | D:3      | Reached XP level 6. HP: 41/52 MP: 6/6
  2366 | D:3      | You fall into a shaft and drop 1 floor!
  2395 | D:4      | Noticed Edmund
  2408 | D:4      | Killed Edmund
  2409 | D:4      | Reached skill level 4 in Axes
  2429 | D:4      | Found a staircase to the Ecumenical Temple.
  2507 | D:4      | Found a sand-covered staircase.
  2511 | Ossuary  | Entered an ossuary
  2717 | Ossuary  | Reached skill level 5 in Axes
  2717 | Ossuary  | Reached XP level 7. HP: 57/57 MP: 7/7
  3344 | Temple   | Entered the Ecumenical Temple
  3565 | D:5      | Entered Level 5 of the Dungeon
  3568 | D:5      | Acquired 1329 gold pieces
  3674 | D:5      | Reached skill level 6 in Axes
  3754 | D:5      | Found a broken altar of Ashenzari.
  4231 | D:6      | Reached skill level 7 in Axes
  4252 | D:6      | Gained mutation: You regenerate health from kills. [demonic
                  | ancestry]
  4252 | D:6      | Reached XP level 8. HP: 56/63 MP: 8/8
  4284 | D:6      | Noticed Eustachio
  4332 | D:6      | Killed Eustachio
  4429 | D:6      | Reached skill level 8 in Axes
  4478 | D:6      | Noticed Prince Ribbit
  4499 | D:6      | Killed Prince Ribbit
  4625 | D:6      | Found an ancient bone altar of Kikubaaqudgha.
  4636 | D:6      | Reached skill level 9 in Axes
  4697 | D:6      | Found an ornate altar of the Wu Jian Council.
  4936 | D:7      | Found an opulent altar of Gozag.
  4939 | D:7      | Became a worshipper of Gozag Ym Sagoz the Greedy
  4985 | D:7      | Reached XP level 9. HP: 70/70 MP: 9/9
  5010 | D:7      | Found the +7 mace of Variability {chain chaos}
  5048 | D:7      | Reached skill level 10 in Axes
  5360 | D:7      | Found a shimmering altar of Xom.
  5569 | D:8      | Reached skill level 11 in Axes
  6289 | D:8      | Reached skill level 12 in Axes
  6661 | D:9      | Gained mutation: You have a pair of horns on your head.
                  | [demonic ancestry]
  6661 | D:9      | Reached XP level 10. HP: 76/76 MP: 10/10
  6679 | D:9      | Reached skill level 13 in Axes
  6734 | D:9      | Noticed Psyche
  6742 | D:9      | Killed Psyche
  6771 | D:9      | Noticed a two-headed ogre
  6784 | D:9      | Killed a two-headed ogre
  7082 | D:9      | Identified the +0 scale mail of the Sky {rN+ Will- Str+3}
  7135 | D:9      | Noticed a two-headed ogre
  7135 | D:9      | Noticed a two-headed ogre
  7148 | D:9      | Killed a two-headed ogre
  7149 | D:9      | Reached skill level 14 in Axes
  7153 | D:9      | Killed a two-headed ogre
  7218 | D:9      | Found the +12 pair of quick blades "Gyre" and "Gimble"
                  | {protect}
  7465 | D:10     | Entered Level 10 of the Dungeon
  7480 | D:10     | Gained mutation: You are mostly covered in rugged brown
                  | scales. (AC +2, +5% HP) [demonic ancestry]
  7480 | D:10     | Reached XP level 11. HP: 76/82 MP: 11/11
  7501 | D:10     | Reached skill level 15 in Axes
  7914 | D:10     | Noticed a two-headed ogre
  7921 | D:10     | Slain by a two-headed ogre

Illustrated notes

Levels and vault maps discovered:
D:1:      dpeg_arrival_leaves_temple_mockup, layout_basic
D:2:      layout_loops_ring, shapermc_ecumenical_altar_acropolis, basic_altar,
          kennysheep_generic_room_9
D:3:      layout_loops_ring, hellmonk_ghost_happy_afterlife, uniq_ijyb
D:4:      layout_basic, minmay_temple_entry_arrows, enter_ossuary_5,
          chequers_serial_rivers_micro_b, uniq_edmund
D:5:      layout_gridville, evilmike_ruin_ashenzari, chequers_arboretum
D:6:      layout_cave_pools, nicolae_wu_jian_immortal_techniques,
          nicolae_kikubaaqudgha_miasma_corner, uniq_eustachio,
          uniq_prince_ribbit1
D:7:      layout_rooms, lemuel_crystal_altar, old_standard_altar
D:8:      layout_cave_pods
D:9:      layout_loops_ring, hellmonk_guarded_unrand_gyre_and_gimble,
          uniq_psyche
D:10:     layout_irregular_city, minmay_fire_ice_demons
Temple:   minmay_crystal_spiral_temple

Skill      XL: |  1  2  3  4  5  6  7  8  9 10 11 |
---------------+----------------------------------+-----
Fighting       | 3 4 5 |  5.0
Axes           | 3 5 7 9 12 14 15 | 15.3
Long Blades    | |  0.5
Polearms       | |  2.6
Throwing       | |  1.7
Dodging        | |  2.6

Action                   |  1- 3 |  4- 6 |  7- 9 | 10-12 || total
-------------------------+-------+-------+-------+-------++-------
Melee: Trident           |    91 |    39 |       |       ||   130
       Headbutt          |    11 |    28 |    30 |    32 ||   101
       War axe           |       |    91 |   237 |   110 ||   438
       Punch             |       |     2 |     4 |       ||     6
  Use: Scroll            |     2 |     3 |    13 |       ||    18
 Stab: Sleeping          |     1 |       |     3 |       ||     4
       Distracted        |       |       |     1 |     2 ||     3
Armor: Leather armour    |     6 |       |       |       ||     6
       Ring mail         |    16 |    44 |   140 |    35 ||   235
Dodge: Dodged            |    42 |    45 |   121 |    38 ||   246
Block: Other             |     8 |    18 |    39 |    36 ||   101
       Reflection        |       |       |       |     7 ||     7

Table legend: (Time is in decaauts)
 A = Elapsed time spent in this place.
 B = Non-inter-level travel time spent in this place.
 C = Inter-level travel time spent in this place.
 D = Time resting spent in this place.
 E = Time spent auto-exploring this place.
 F = Levels seen in this place.
 G = Mean time per level.
                   A        B        C        D        E       F      G
               +--------+--------+--------+--------+--------+-----+--------+
         Total |   7959 |   7577 |    382 |    626 |   5453 |  12 |  663.2 |
       Dungeon |   7450 |   7153 |    297 |    501 |   5302 |  10 |  745.0 |
        Temple |    209 |    125 |     84 |      0 |    110 |   1 |  209.0 |
       Ossuary |    298 |    298 |      0 |    125 |     41 |   1 |  298.0 |
               +--------+--------+--------+--------+--------+-----+--------+

Top non-repeatable levels by time:
     D:8: 1014 daAuts
     D:3: 944 daAuts
     D:9: 893 daAuts
     D:2: 808 daAuts
     D:6: 722 daAuts
     D:1: 719 daAuts
     D:5: 661 daAuts
     D:4: 639 daAuts
     D:7: 604 daAuts
    D:10: 441 daAuts
 Ossuary: 298 daAuts
  Temple: 209 daAuts
